 Dungeon Crawl Stone Soup version 0.30-a0-166-g5d06c95188 (webtiles) character file.

Game seed: 473999775223877554

84 qw the Chopper (level 4, -1/28 HPs)
             Began as a Gargoyle Fighter on Sept 28, 2022.
             Killed by divine providence
             ... invoked by an orc priest
              (16 damage)
             ... on level 3 of the Dungeon.
             The game lasted 00:00:41 (2284 turns).

qw the Chopper (Gargoyle Fighter)                   Turns: 2284, Time: 00:00:42

Health: -1/28      AC: 12    Str: 22    XL:     4   Next: 46%
Magic:  4/4        EV:  7    Int:  8    God:
Gold:   80         SH:  4    Dex:  9    Spells: 3/3 levels left

rFire   . . .      SeeInvis .    Y - +1 war axe
rCold   . . .      Faith    .    c - +0 buckler
rNeg    + . .      Spirit   .    e - +0 chain mail
rPois   inf        Reflect  .    (no helmet)
rElec   +          Harm     .    (no cloak)
rCorr   .          Rampage  .    (no gloves)
Will    .....                    (no boots)
Stlth   ..........               (no amulet)
HPRegen 0.09/turn                (no ring)
MPRegen 0.09/turn                (no ring)

@: no status effects
A: sickness immunity, AC +3, negative energy resistance 1, electricity
resistance, torment resistance 1, petrification resistance
a: no special abilities


You were on level 3 of the Dungeon.
You visited 1 branch of the dungeon, and saw 3 of its levels.

You collected 80 gold pieces.


Innate Abilities, Weirdness & Mutations

You are immune to sickness and miasma.
Your stone body is resilient. (AC +3)
You are immune to poison.
You resist negative energy. (rN+)
You are resistant to electric shocks. (rElec)
You are resistant to unholy torment.
You are immune to petrification.


   Skills:
 - Level 3.2 Fighting
 + Level 4.1 Axes
 - Level 3.2 Armour
 - Level 3.2 Shields


You had 3 spell levels left.
You didn't know any spells.
Your spell library was empty.

Inventory:

Hand Weapons
 m - a +0 whip
 Y - a +1 war axe (weapon)
Armour
 c - a +0 buckler (worn)
 e - a +0 chain mail (worn)
Scrolls
 h - a scroll of identify
 j - 2 scrolls of teleportation
Potions
 a - a potion of haste {unknown}
 d - a potion of might
 f - a potion of curing {unknown}
 i - a potion of brilliance {unknown}
 k - a potion of ambrosia {unknown}

Dungeon Overview and Level Annotations

Branches:
Dungeon (3/15)

Altars:


Message History

You kill the kobold!
a - a glowing pink potion
Things that are here:
a +0 dagger; a stone You enter the shallow water.
Moving in this stuff is going to be slow. 2 orcs and 2 orc priests come into view.
An orc is wielding a +0 vorpal hand axe.
Found a stone staircase leading up.
The orc priest shouts!
The orc shouts!
The orc priest looks satisfied for a moment.
The orc moves out of view.
You hear a shout!
Enter note:
2276 ||| Stepping ~*~*~tactically~*~*~ (hiding).
You start waiting.
An orc priest is nearby!
You block the orc priest's attack.
You completely miss the orc priest. The orc priest barely misses you.
The orc priest hits you from afar with a +0 trident!
You slash the orc priest!
The orc priest is almost dead.
The orc priest hits you but does no damage.
The orc priest calls down the wrath of Beogh upon you.
You barely resist. You closely miss the orc priest.
The orc priest is almost dead.
The orc priest barely misses you. x2; The orc priest hits you with a +0 mace.
The orc priest calls upon Beogh to heal the orc priest.
The orc priest is healed somewhat.
You slash the orc priest!
You kill the orc priest!
The orc priest hits you but does no damage.
Your Axes skill increases to level 4!
You have reached level 4!
You feel stronger.
The orc priest invokes the aid of Beogh against you.
Beogh smites you!
Ouch! That really hurt!
You die...

.~. ###P~ ~7~~~~P#
.#
#...~77P7~~~P####.#
...P7PPPP~~~PP....#
.PP7~P~~PP7~PP##..#
#PP~~~#~~~~7P.##..#
~~~~~P###PP7~P##oo
~~7~P...#.P~P.##o#
.P~P..#...~~7~##@#
PP~~~.####P~~P...#
~~~P#.# #P~~P#..#
PPP##)# ##.P~##.#
#####.# ######.#
##.%# #<# ##.#.##
#.#
#.#...#########.##.#
##...##............#


You could see an orc priest and 2 orcs.

Vanquished Creatures
  An orc priest (D:3)
  An adder (D:2)
  A worm (D:3)
  A dart slug (D:3)
  3 endoplasms
  5 giant cockroaches
  2 goblins (D:1)
  3 hobgoblins (D:1)
  4 jackals (D:1)
  3 kobolds
  3 quokkas
  4 ball pythons
  2 bats (D:1)
  3 frilled lizards
  2 rats
38 creatures vanquished.

Vanquished Creatures (others)
  5 demonic plants (D:3)
  5 plants (D:3)
10 creatures vanquished.

Grand Total: 48 creatures vanquished

Notes
Turn   | Place    | Note
-------+----------+-------------------------------------------
     0 | D:1      | qw the Gargoyle Fighter began the quest for the Orb.
     0 | D:1      | Reached XP level 1. HP: 14/14 MP: 1/1
     0 | D:1      | 0 ||| qw: Version: 0.2-a-12-gaebbb33
     0 | D:1      | 0 ||| qw: Game counter: 950
     0 | D:1      | 0 ||| qw: Always use a shield: true
     0 | D:1      | 0 ||| qw: God list: Okawaru
     0 | D:1      | 0 ||| qw: Allow faded altars: false
     0 | D:1      | 0 ||| qw: Do Orc after D:15 true
     0 | D:1      | 0 ||| qw: Do second Lair branch before Depths: true
     0 | D:1      | 0 ||| qw: Lair rune preference: random
     0 | D:1      | 0 ||| qw: Plans: Normal, Zot:1-4, God:TSO, Crypt, Tomb,
                  | Pan, Slime:5, Hells, Abyss, Orb
     0 | D:1      | 0 ||| PLANNING D:1-11
    39 | D:1      | Reached skill level 2 in Axes
   256 | D:1      | HP: 3/14 [endoplasm (2)]
   259 | D:1      | Reached XP level 2. HP: 5/19 MP: 2/2
   668 | D:1      | Reached skill level 3 in Axes
   736 | D:1      | Reached XP level 3. HP: 15/23 MP: 3/3
   858 | D:1      | Found a faded altar of an unknown god.
   958 | D:1      | 958 ||| DROPPING +0 club.
  1105 | D:1      | 1105 ||| UPGRADING to +0 chain mail.
  1115 | D:1      | 1115 ||| DROPPING +0 scale mail.
  1116 | D:1      | 1116 ||| READING scroll labelled OTAC WIZXI.
  1117 | D:1      | 1117 ||| READING 2 scrolls labelled ATYSEFO TIATA.
  1118 | D:1      | 1118 ||| READING 2 scrolls labelled AMOPYW HAITTO.
  1123 | D:1      | 1123 ||| READING scroll labelled EDI BUTSAMIAM.
  1124 | D:1      | 1124 ||| READING scroll labelled COXEXK YNUIN.
  1557 | D:2      | 1557 ||| Stepping ~*~*~tactically~*~*~ (hiding).
  1560 | D:2      | 1560 ||| Stepping ~*~*~tactically~*~*~ (hiding).
  2129 | D:2      | 2129 ||| DROPPING +6 ring of intelligence.
  2130 | D:2      | 2130 ||| READING scroll labelled HAXUD CUNNYCEH.
  2131 | D:2      | 2131 ||| READING scroll labelled ZOELLO SINYA.
  2186 | D:3      | 2186 ||| FLEEEEING.
  2194 | D:3      | 2194 ||| STAIRDANCE
  2253 | D:3      | 2253 ||| Stepping ~*~*~tactically~*~*~ (stealth).
  2276 | D:3      | 2276 ||| Stepping ~*~*~tactically~*~*~ (hiding).
  2284 | D:3      | Reached skill level 4 in Axes
  2284 | D:3      | Reached XP level 4. HP: 14/28 MP: 4/4
  2284 | D:3      | Killed from afar by an orc priest

Levels and vault maps discovered:
D:1:      tarquinn_simple_flora_water_f, layout_rooms,
          ebering_ecumenical_altar_box, minmay_box_of_dots
D:2:      layout_loops_corners
D:3:      layout_loops_ring, serial_bayou_lagoon_a, dreamdust_princess_corridor

Skill      XL: |  1  2  3 |
---------------+----------+-----
Axes           | 2 3 4 |  4.1
Fighting       | |  3.2
Armour         | |  3.2
Shields        | |  3.2

Action                   |  1- 3 |  4- 6 || total
-------------------------+-------+-------++-------
Melee: War axe           |   117 |       ||   117
  Use: Scroll            |     7 |       ||     7
Armor: Scale mail        |    39 |       ||    39
       Chain mail        |    22 |       ||    22
Dodge: Dodged            |    50 |       ||    50
Block: Buckler           |    25 |       ||    25

Table legend:
 A = Non-vault XP
 B = Vault XP
 C = Vault XP percentage of total XP
 D = Non-vault monster count
 E = Vault monster count
 F = Vault count percentage of total count
                 A         B        C        D         E       F
            +---------+---------+-------+---------+---------+-------
      Total |     120 |       1 |   0.8 |      37 |       1 |   2.6
            +---------+---------+-------+---------+---------+-------
        D:1 |      39 |       1 |   2.5 |      22 |       1 |   4.3
        D:2 |      27 |       0 |   0.0 |      10 |       0 |   0.0
        D:3 |      54 |       0 |   0.0 |       5 |       0 |   0.0
            +---------+---------+-------+---------+---------+-------
